ITL
RICHMOND FLAIRS @ DETROIT X-WINGS
07/16/2027
 
TOP OF THE 1ST
Richmond Flairs batting - Pitching for Detroit X-Wings : RHP Carlos Díaz
Pitching: RHP Carlos Díaz
Batting: LHB Luis Villa 0-0: Ball
1-0: Called Strike
1-1: Ball
2-1: Ball
3-1: Base on Balls
Batting: SHB Carlos Reyes 0-0: SINGLE (Flyball, 8LS)
Luis Villa to second
Runner from 2nd tries for 3rd, SAFE, throw made to third
Batting: LHB Sean Nicks 0-0: Ball
1-0: Ball
2-0: Called Strike
2-1: Ball
3-1: Swinging Strike
3-2: Base on Balls
Carlos Reyes to second
Batting: RHB Elliott Johnston 0-0: Ball
1-0: Ball
2-0: SINGLE (Flyball, 8LS)
Luis Villa scores
Carlos Reyes to third
Sean Nicks to second
Runner from 3rd tries for Home, SAFE, no throw
Batting: RHB Alberto Hernández 0-0: Called Strike
0-1: Foul Ball, location: 2F
0-2: Ball
1-2: Strikes out swinging
Batting: LHB R.J. Courtney 0-0: Ball
1-0: Ball
2-0: Called Strike
2-1: Ball
3-1: Base on Balls
Sean Nicks to third
Elliott Johnston to second
Batting: RHB Gary Thomas 0-0: Called Strike
0-1: Ball
1-1: Ball
2-1: Ball
3-1: Foul Ball, location: 2F
3-2: Fly out, F7 (Flyball, 7)
Throwing error, E7
Sean Nicks scores
Elliott Johnston to third
R.J. Courtney to second
Batting: RHB Christian Hudson 0-0: Ball
1-0: Called Strike
1-1: Foul Ball, location: 2F
1-2: Ball
2-2: Foul Ball, location: 2F
2-2: Ball
3-2: Foul Ball, location: 2F
3-2: SINGLE (Flyball, 89M)
Elliott Johnston scores
R.J. Courtney to third
R.J. Courtney scores
Batting: RHB Freddy Padilla 0-0: Called Strike
0-1: Ball
1-1: Ball
2-1: Ground out 1-3 (Groundball, 13)
Top of the 1st over - 5 run(s), 3 hit(s), 1 error(s), 1 left on base; Richmond 5 - Detroit 0
BOTTOM OF THE 1ST
Detroit X-Wings batting - Pitching for Richmond Flairs : RHP Carlos Fernández
Pitching: RHP Carlos Fernández
Batting: RHB Júlio López 0-0: Foul Ball, location: 2F
0-1: Foul Ball, location: 2F
0-2: Ball
1-2: Ball
2-2: Foul Ball, location: 2F
2-2: Ball
3-2: Strikes out swinging
Batting: LHB Chris Loudermilk 0-0: Ball
1-0: SINGLE (Flyball, 8LS)
Batting: LHB Juan Colón 0-0: Called Strike
0-1: Ball
1-1: Ball
2-1: Fly out, F7 (Flyball, 7LSF)
Batting: RHB Enrique Aguilar 0-0: Fielders Choice at 2nd, 4-6 (Groundball, 34)
Bottom of the 1st over - 0 run(s), 1 hit(s), 0 error(s), 0 left on base; Richmond 5 - Detroit 0
TOP OF THE 2ND
Richmond Flairs batting - Pitching for Detroit X-Wings : RHP Carlos Díaz
Batting: LHB Luis Villa 0-0: Fly out, F7 (Flyball, 7)
Batting: SHB Carlos Reyes 0-0: Ball
1-0: Called Strike
1-1: Called Strike
1-2: Ground out U3 (Groundball, 3)
Batting: LHB Sean Nicks 0-0: Ground out 4-3 (Groundball, 4)
Top of the 2nd over - 0 run(s), 0 hit(s), 0 error(s), 0 left on base; Richmond 5 - Detroit 0
BOTTOM OF THE 2ND
Detroit X-Wings batting - Pitching for Richmond Flairs : RHP Carlos Fernández
Batting: RHB Albert Chávez 0-0: Called Strike
0-1: Ball
1-1: Swinging Strike
1-2: Foul Ball, location: 2F
1-2: Ground out 4-3 (Groundball, 4MS)
Batting: RHB Keith Sims 0-0: Foul Ball, location: 2F
0-1: SOLO HOME RUN (Flyball, 8LXD), Distance : 430 ft
Batting: LHB Sergio Luna 0-0: Ground out 1-3 (Groundball, P)
Batting: RHB Jorge Castillo 0-0: Foul Ball, location: 2F
0-1: SINGLE (Groundball, 6MS) (infield hit)
Batting: RHB Vincente Encarnación 0-0: Swinging Strike
0-1: Called Strike
0-2: Ball
1-2: Foul Ball, location: 2F
1-2: Strikes out swinging
Bottom of the 2nd over - 1 run(s), 2 hit(s), 0 error(s), 1 left on base; Richmond 5 - Detroit 1
TOP OF THE 3RD
Richmond Flairs batting - Pitching for Detroit X-Wings : RHP Carlos Díaz
Batting: RHB Elliott Johnston 0-0: Ball
1-0: Called Strike
1-1: Foul Ball, location: 2F
1-2: Fly out, F8 (Flyball, 8RS)
Batting: RHB Alberto Hernández 0-0: Swinging Strike
0-1: Ball
1-1: Fly out, F5 (Line Drive, 5)
Batting: LHB R.J. Courtney 0-0: Called Strike
0-1: Called Strike
0-2: Ball
1-2: Ball
2-2: SINGLE (Line Drive, 8RS)
Batting: RHB Gary Thomas 0-0: Ball
1-0: Ball
2-0: Ball
3-0: Base on Balls
R.J. Courtney to second
Batting: RHB Christian Hudson 0-0: Foul Ball, location: 2F
0-1: Ball
1-1: Ball
2-1: Ground out U3 (Groundball, 3)
Top of the 3rd over - 0 run(s), 1 hit(s), 0 error(s), 2 left on base; Richmond 5 - Detroit 1
BOTTOM OF THE 3RD
Detroit X-Wings batting - Pitching for Richmond Flairs : RHP Carlos Fernández
Batting: RHB Júlio López 0-0: Called Strike
0-1: Swinging Strike
0-2: Strikes out swinging
Batting: LHB Chris Loudermilk 0-0: Ground out 4-3 (Groundball, 4)
Batting: LHB Juan Colón 0-0: Ball
1-0: Called Strike
1-1: Ball
2-1: Ball
3-1: Base on Balls
Batting: RHB Enrique Aguilar 0-0: Fielders Choice at 2nd, U4 (Groundball, 4M)
Bottom of the 3rd over - 0 run(s), 0 hit(s), 0 error(s), 1 left on base; Richmond 5 - Detroit 1
TOP OF THE 4TH
Richmond Flairs batting - Pitching for Detroit X-Wings : RHP Carlos Díaz
Batting: RHB Freddy Padilla 0-0: Ball
1-0: Called Strike
1-1: Ball
2-1: Foul Ball, location: 2F
2-2: Strikes out swinging
Batting: LHB Luis Villa 0-0: Called Strike
0-1: Foul Ball, location: 2F
0-2: Ball
1-2: Fly out, F8 (Line Drive, 8RM)
Batting: SHB Carlos Reyes 0-0: Ball
1-0: Called Strike
1-1: Ground out 4-3 (Groundball, 4M)
Top of the 4th over - 0 run(s), 0 hit(s), 0 error(s), 0 left on base; Richmond 5 - Detroit 1
BOTTOM OF THE 4TH
Detroit X-Wings batting - Pitching for Richmond Flairs : RHP Carlos Fernández
Batting: RHB Albert Chávez 0-0: Called Strike
0-1: SINGLE (Line Drive, 9S)
Batting: RHB Keith Sims 0-0: Foul Ball, location: 2F
0-1: SINGLE (Line Drive, 89M)
Albert Chávez to second
Batting: LHB Sergio Luna 0-0: Called Strike
0-1: Swinging Strike
0-2: Strikes out swinging
Batting: RHB Jorge Castillo 0-0: Ball
1-0: Called Strike
1-1: Ball
2-1: Ball
3-1: Called Strike
3-2: Strikes out looking
Batting: RHB Vincente Encarnación 0-0: Ball
1-0: Ball
2-0: Called Strike
2-1: Ball
3-1: Called Strike
3-2: SINGLE (Groundball, 34D)
Albert Chávez to third
Keith Sims to second
Albert Chávez scores
Keith Sims to third
Batting: RHB Júlio López 0-0: Ball
1-0: Swinging Strike
1-1: Foul Ball, location: 2F
1-2: Strikes out swinging
Bottom of the 4th over - 1 run(s), 3 hit(s), 0 error(s), 2 left on base; Richmond 5 - Detroit 2
TOP OF THE 5TH
Richmond Flairs batting - Pitching for Detroit X-Wings : RHP Carlos Díaz
Batting: LHB Sean Nicks 0-0: Swinging Strike
0-1: Ball
1-1: Foul Ball, location: 2F
1-2: Foul Ball, location: 2F
1-2: Foul Ball, location: 2F
1-2: Fly out, F7 (Flyball, 78M)
Batting: RHB Elliott Johnston 0-0: Ball
1-0: Foul Ball, location: 2F
1-1: Foul Ball, location: 2F
1-2: Ball
2-2: Ball
3-2: Fly out, F8 (Flyball, 8RXD)
Batting: RHB Alberto Hernández 0-0: Ball
1-0: Swinging Strike
1-1: Ball
2-1: Ball
3-1: Base on Balls
Pitching: RHP Felipe Téllez
Batting: LHB R.J. Courtney 0-0: Ball
1-0: Ball
2-0: Ball
3-0: Called Strike
3-1: Base on Balls
Alberto Hernández to second
Batting: RHB Gary Thomas 0-0: Ball
1-0: Called Strike
1-1: Ball
2-1: Foul Ball, location: 2F
2-2: 3-RUN HOME RUN (Flyball, 7D), Distance : 382 ft
Batting: RHB Christian Hudson 0-0: Ball
1-0: Ball
2-0: Called Strike
2-1: Foul Ball, location: 2F
2-2: Strikes out looking
Top of the 5th over - 3 run(s), 1 hit(s), 0 error(s), 0 left on base; Richmond 8 - Detroit 2
BOTTOM OF THE 5TH
Detroit X-Wings batting - Pitching for Richmond Flairs : RHP Carlos Fernández
Batting: LHB Chris Loudermilk 0-0: Called Strike
0-1: Called Strike
0-2: Fly out, F7 (Line Drive, 7)
Batting: LHB Juan Colón 0-0: Ball
1-0: Ball
2-0: Swinging Strike
2-1: SOLO HOME RUN (Flyball, 7D), Distance : 384 ft
Batting: RHB Enrique Aguilar 0-0: Ball
1-0: Called Strike
1-1: Ball
2-1: Called Strike
2-2: Fly out, F9 (Flyball, 89M)
Batting: RHB Albert Chávez 0-0: Ball
1-0: Foul Ball, location: 2F
1-1: Ball
2-1: Foul Ball, location: 2F
2-2: Foul Ball, location: 2F
2-2: Fly out, F8 (Flyball, 8RM)
Bottom of the 5th over - 1 run(s), 1 hit(s), 0 error(s), 0 left on base; Richmond 8 - Detroit 3
TOP OF THE 6TH
Richmond Flairs batting - Pitching for Detroit X-Wings : RHP Felipe Téllez
Batting: RHB Freddy Padilla 0-0: Ball
1-0: Called Strike
1-1: Ball
2-1: Ground out 5-3 (Groundball, 56S)
Pitching: LHP Richard Dorris
Batting: LHB Luis Villa 0-0: SINGLE (Line Drive, 34D)
Batting: SHB Carlos Reyes 0-0: Foul Ball, location: 2F
0-1: Ball
1-1: Ball
2-1: Ball
3-1: Swinging Strike
3-2: Fly out, F4 (Line Drive, 4)
Lined into DP, 4-3 (Line Drive, 4)
Top of the 6th over - 0 run(s), 1 hit(s), 0 error(s), 0 left on base; Richmond 8 - Detroit 3
BOTTOM OF THE 6TH
Detroit X-Wings batting - Pitching for Richmond Flairs : RHP Carlos Fernández
Batting: RHB Keith Sims 0-0: Called Strike
0-1: Ball
1-1: Ball
2-1: Called Strike
2-2: Foul Ball, location: 2F
2-2: Strikes out looking
Batting: LHB Sergio Luna 0-0: Foul Ball, location: 2F
0-1: Ball
1-1: Called Strike
1-2: Strikes out swinging
Batting: RHB Jorge Castillo 0-0: Fly out, F8 (Flyball, 8LM)
Bottom of the 6th over - 0 run(s), 0 hit(s), 0 error(s), 0 left on base; Richmond 8 - Detroit 3
TOP OF THE 7TH
Richmond Flairs batting - Pitching for Detroit X-Wings : LHP Richard Dorris
Batting: LHB Sean Nicks 0-0: Ball
1-0: Ball
2-0: Fly out, F8 (Flyball, 8RXD)
Batting: RHB Elliott Johnston 0-0: DOUBLE (Line Drive, 9LM)
Batting: RHB Alberto Hernández 0-0: Ball
1-0: Ground out 5-3 (Groundball, 56)
Pitching: RHP Art Kelley
Batting: LHB R.J. Courtney 0-0: Foul Ball, location: 2F
0-1: SINGLE (Groundball, 6M) (infield hit)
Elliott Johnston to third
Batting: RHB Gary Thomas 0-0: Ball
1-0: Ball
2-0: Ball
3-0: Base on Balls
R.J. Courtney to second
Batting: RHB Christian Hudson 0-0: Ball
1-0: Called Strike
1-1: Ball
2-1: Foul Ball, location: 2F
2-2: Foul Ball, location: 2F
2-2: Strikes out swinging
Top of the 7th over - 0 run(s), 2 hit(s), 0 error(s), 3 left on base; Richmond 8 - Detroit 3
BOTTOM OF THE 7TH
Detroit X-Wings batting - Pitching for Richmond Flairs : RHP Carlos Fernández
Batting: RHB Vincente Encarnación 0-0: Ground out 5-3 (Groundball, 56)
Batting: RHB Júlio López 0-0: Ball
1-0: Called Strike
1-1: Foul Ball, location: 2F
1-2: Strikes out swinging
Batting: LHB Chris Loudermilk 0-0: Called Strike
0-1: Ball
1-1: Ball
2-1: Ground out 4-3 (Groundball, 34)
Bottom of the 7th over - 0 run(s), 0 hit(s), 0 error(s), 0 left on base; Richmond 8 - Detroit 3
TOP OF THE 8TH
Richmond Flairs batting - Pitching for Detroit X-Wings : RHP Art Kelley
Batting: RHB Freddy Padilla 0-0: Ground out 5-3 (Groundball, 56S)
Batting: LHB Luis Villa 0-0: Ball
1-0: Ball
2-0: Swinging Strike
2-1: Ball
3-1: Base on Balls
Pitching: RHP Lance Sanders
Batting: SHB Carlos Reyes 0-0: Ball
Luis Villa steals 2nd base
1-0: Ground out 3-1 (Groundball, 34)
Luis Villa to third
Batting: LHB Sean Nicks 0-0: Foul Ball, location: 2F
0-1: Swinging Strike
0-2: Foul Ball, location: 2F
0-2: Foul Ball, location: 2F
0-2: Ball
1-2: Ball
2-2: Ground out U3 (Groundball, 34S)
Top of the 8th over - 0 run(s), 0 hit(s), 0 error(s), 1 left on base; Richmond 8 - Detroit 3
BOTTOM OF THE 8TH
Detroit X-Wings batting - Pitching for Richmond Flairs : RHP Carlos Fernández
Pitching: LHP Salvador Rodríguez
Now at C: Tadakuni Sugiyama
Now at 2B: Maresuke Yoshida
Now in RF: R.J. Crosby
Batting: LHB Juan Colón 0-0: Called Strike
0-1: Swinging Strike
0-2: Ball
1-2: Ball
2-2: Strikes out swinging, 2-3 out at first.
Batting: RHB Enrique Aguilar 0-0: Ball
1-0: Foul Ball, location: 2F
1-1: Swinging Strike
1-2: Foul Ball, location: 2F
1-2: Strikes out looking
Batting: RHB Albert Chávez 0-0: Ball
1-0: Ball
2-0: Foul Ball, location: 2F
2-1: Foul Ball, location: 2F
2-2: Strikes out swinging
Bottom of the 8th over - 0 run(s), 0 hit(s), 0 error(s), 0 left on base; Richmond 8 - Detroit 3
TOP OF THE 9TH
Richmond Flairs batting - Pitching for Detroit X-Wings : RHP Lance Sanders
Batting: RHB Elliott Johnston 0-0: Ball
1-0: Called Strike
1-1: Ball
2-1: Ball
3-1: Base on Balls
Batting: RHB Alberto Hernández 0-0: Foul Ball, location: 2F
0-1: Foul Ball, location: 2F
0-2: Foul Ball, location: 2F
0-2: Strikes out swinging
Batting: LHB R.J. Courtney 0-0: Ball
1-0: Called Strike
1-1: Ball
2-1: Swinging Strike
2-2: SINGLE (Line Drive, 34)
Elliott Johnston to second
Batting: RHB Gary Thomas 0-0: Ball
1-0: Ball
2-0: Foul Ball, location: 2F
2-1: Called Strike
2-2: DOUBLE (Line Drive, 78D)
Elliott Johnston scores
R.J. Courtney to third
Batting: RHB Christian Hudson 0-0: Ball
1-0: Called Strike
1-1: Ball
2-1: Swinging Strike
2-2: Ball
3-2: Base on Balls
Batting: RHB Maresuke Yoshida 0-0: Ball
1-0: SINGLE (Groundball, 34D)
R.J. Courtney scores
Gary Thomas to third
Christian Hudson to second
Runner from 3rd tries for Home, SAFE, throw made home
Batting: RHB R.J. Crosby 0-0: Ball
1-0: Ball
2-0: Foul Ball, location: 2F
2-1: Ball
Passed Ball!
Christian Hudson to third
Maresuke Yoshida to second
3-1: Base on Balls
Batting: RHB Tadakuni Sugiyama 0-0: Ball
1-0: Ball
2-0: Called Strike
2-1: Ball
3-1: Base on Balls
Christian Hudson scores
Maresuke Yoshida to third
R.J. Crosby to second
Batting: LHB Sean Nicks 0-0: Called Strike
0-1: Called Strike
0-2: Foul Ball, location: 2F
0-2: Ball
1-2: Ball
2-2: Foul Ball, location: 2F
2-2: Ball
3-2: Foul Ball, location: 2F
3-2: Base on Balls
Maresuke Yoshida scores
R.J. Crosby to third
Tadakuni Sugiyama to second
Batting: RHB Elliott Johnston 0-0: Called Strike
0-1: Swinging Strike
0-2: SINGLE (Groundball, 4MD)
R.J. Crosby scores
Tadakuni Sugiyama to third
Sean Nicks to second
Batting: RHB Alberto Hernández 0-0: Called Strike
0-1: Foul Ball, location: 2F
0-2: Ball
1-2: Strikes out swinging
Pitching: RHP Gary Witt
Batting: LHB R.J. Courtney 0-0: Ball
1-0: Ball
2-0: GRAND SLAM HOME RUN (Flyball, 89XD), Distance : 419 ft
Pinch Hitting: LHB Frank Geddes 0-0: Ball
1-0: Swinging Strike
1-1: Ball
2-1: Ball
3-1: Base on Balls
Batting: RHB Christian Hudson 0-0: Ball
Frank Geddes is caught stealing 2nd base
Top of the 9th over - 10 run(s), 5 hit(s), 0 error(s), 0 left on base; Richmond 18 - Detroit 3
BOTTOM OF THE 9TH
Detroit X-Wings batting - Pitching for Richmond Flairs : LHP Salvador Rodríguez
Now at 3B: Adrián Miranda
Now in LF: Roland Jones
Batting: RHB Keith Sims 0-0: Foul Ball, location: 2F
0-1: Ground out 6-3 (Groundball, 6)
Batting: LHB Sergio Luna 0-0: Called Strike
0-1: Foul Ball, location: 2F
0-2: DOUBLE (Line Drive, 89D)
Batting: RHB Jorge Castillo 0-0: Ground out 5-3 (Groundball, 56)
Batting: RHB Vincente Encarnación 0-0: Ball
1-0: Ball
2-0: SINGLE (Groundball, 4MD)
Sergio Luna to third
Runner from 3rd tries for Home, SAFE, no throw
Batting: RHB Júlio López 0-0: Swinging Strike
0-1: Called Strike
0-2: Ball
1-2: Foul Ball, location: 2F
1-2: Hit by Pitch
Vincente Encarnación to second
Batting: LHB Chris Loudermilk 0-0: Foul Ball, location: 2F
0-1: Ball
1-1: DOUBLE (Flyball, 7LM)
Vincente Encarnación scores
Júlio López to third
Batting: LHB Juan Colón 0-0: Ball
1-0: Foul Ball, location: 2F
1-1: Ball
2-1: Ball
3-1: Foul Ball, location: 2F
3-2: Foul Ball, location: 2F
3-2: Foul Ball, location: 2F
3-2: Base on Balls
Batting: RHB Enrique Aguilar 0-0: Foul Ball, location: 2F
0-1: Foul Ball, location: 2F
0-2: Foul Ball, location: 2F
0-2: SINGLE (Groundball, 4MD)
Júlio López scores
Chris Loudermilk to third
Juan Colón to second
Runner from 3rd tries for Home, SAFE, no throw
Pitching: RHP Lorenzo Ramos
Batting: RHB Albert Chávez 0-0: Ball
1-0: Called Strike
1-1: Swinging Strike
1-2: Strikes out swinging
Bottom of the 9th over - 4 run(s), 4 hit(s), 0 error(s), 2 left on base; Richmond 18 - Detroit 7
Thursday, March 30th, 2017 - OOTP Baseball 17.12 Build 75